[ AOE2 MATCH · #481888194 ]
UnrankedGurjaras vs Khmer
[ REPLAY ANALYSIS · EXTRACTED FROM THE RECORDED GAME ]
Feudal
11:30
Castle
15:20
Imperial
—
| APM avg | 33.4 |
| APM peak | 85 |
| eAPM avg | 17.1 |
| Villagers / military | 57 / 0 |
Focus
⚔️ 18.0% · 🌾 82.0%
Trade Cart ×1
Feudal
10:48
Castle
15:15
Imperial
—
| APM avg | 27.2 |
| APM peak | 68 |
| eAPM avg | 13.6 |
| Villagers / military | 36 / 0 |
Focus
⚔️ 9.2% · 🌾 90.8%
Feudal
10:49
Castle
18:24
Imperial
—
| APM avg | 34.7 |
| APM peak | 62 |
| eAPM avg | 11.5 |
| Villagers / military | 37 / 7 |
Focus
⚔️ 9.4% · 🌾 90.6%
Knight ×7
Feudal
8:31
Castle
—
Imperial
—
| APM avg | 41.1 |
| APM peak | 64 |
| eAPM avg | 22.2 |
| Villagers / military | 50 / 0 |
Focus
⚔️ 36.5% · 🌾 63.5%
Feudal
11:38
Castle
—
Imperial
—
| APM avg | 29.2 |
| APM peak | 56 |
| eAPM avg | 17.7 |
| Villagers / military | 41 / 0 |
Focus
⚔️ 21.2% · 🌾 78.8%
Feudal
12:00
Castle
15:52
Imperial
—
| APM avg | 25.9 |
| APM peak | 61 |
| eAPM avg | 11.9 |
| Villagers / military | 56 / 0 |
Focus
⚔️ 2.7% · 🌾 97.3%
Feudal
12:15
Castle
16:19
Imperial
—
| APM avg | 31.0 |
| APM peak | 71 |
| eAPM avg | 12.5 |
| Villagers / military | 46 / 8 |
Focus
⚔️ 9.0% · 🌾 91.0%
Scorpion ×5 · Mangonel ×2 · Battering Ram ×1
Feudal
14:00
Castle
17:19
Imperial
—
| APM avg | 62.4 |
| APM peak | 125 |
| eAPM avg | 29.0 |
| Villagers / military | 49 / 4 |
Focus
⚔️ 28.0% · 🌾 72.0%
Conquistador ×4
Match map
Initial resources + every placement click. Lines = walls · curves = elevation contours. ◆ gold · ⬟ stone · ● berries · ✦ relic · ◌ wall gap
Your base· Open — opponent sealed themselves in
carcaage's base· Open — opponent sealed themselves in
TM PIMPON's base· ✓ Closed at 18:24 · 0t walls · no gate
JAGR | Rojnar's base· Open — opponent sealed themselves in
Digit's base· ✓ Closed at 12:00 · 63t walls · no gate
Hinton_Cheung's base· ✓ Closed at 15:52 · 0t walls · no gate
Aragorn's base· Open — opponent sealed themselves in
IhateArena's base· ✓ Closed at 17:19 · 58t walls · no gate
Smoothed initial terrain · ◌ = detected wall gap · hover for details
Inputs per minute
— SentinelChroner - - carcaage
Build order — SentinelChroner
118 actions detected in the replay
| 0:01 | Queue | Villager (Male) |
| 0:01 | Queue | Villager (Male) |
| 0:02 | Queue | Villager (Male) |
| 0:03 | Build | House |
| 0:05 | Build | House |
| 0:29 | Build | Mill |
| 0:46 | Queue | Villager (Male) |
| 1:40 | Queue | Villager (Male) |
| 1:40 | Queue | Villager (Male) |
| 1:58 | Queue | Villager (Male) |
| 2:29 | Queue | Villager (Male) |
| 2:38 | Queue | Villager (Male) |
| 3:02 | Build | House |
| 3:25 | Queue | Villager (Male) |
| 3:43 | Build | Lumber Camp |
| 3:47 | Queue | Villager (Male) |
| 3:50 | Queue | Villager (Male) |
| 4:12 | Queue | Villager (Male) |
| 5:02 | Queue | Villager (Male) |
| 5:02 | Queue | Villager (Male) |
| 5:13 | Queue | Villager (Male) |
| 5:39 | Build | House |
| 6:09 | Queue | Villager (Male) |
| 6:34 | Queue | Villager (Male) |
| 7:02 | Queue | Villager (Male) |
| 7:26 | Queue | Villager (Male) |
| 7:58 | Queue | Villager (Male) |
| 8:08 | Build | House |
| 8:27 | Queue | Villager (Male) |
| 8:28 | Queue | Villager (Male) |
| 8:58 | Build | Mining Camp |
| 9:20 | Research | Feudal Age |
| 9:20 | Research | Feudal Age |
| 11:30 | Age | Feudal Age |
| 11:31 | Build | Market |
| 11:34 | Build | Blacksmith |
| 11:47 | Queue | Villager (Male) |
| 11:47 | Queue | Villager (Male) |
| 11:51 | Build | Market |
| 11:53 | Build | Blacksmith |
| 12:09 | Research | Double-Bit Axe |
| 12:12 | Research | Horse Collar |
| 12:40 | Research | Castle Age |
| 12:40 | Research | Castle Age |
| 12:59 | Build | Lumber Camp |
| 13:14 | Build | House |
| 13:29 | Research | Gold Mining |
| 15:20 | Age | Castle Age |
| 15:21 | Build | Town Center |
| 15:22 | Queue | Villager (Male) |
| 15:22 | Queue | Villager (Male) |
| 15:25 | Queue | Trade Cart |
| 15:29 | Research | Bow Saw |
| 15:32 | Research | Heavy Plow |
| 15:43 | Build | Town Center |
| 15:53 | Build | Farm |
| 15:57 | Queue | Villager (Male) |
| 16:16 | Queue | Villager (Male) |
| 16:22 | Build | Farm |
| 16:23 | Queue | Villager (Male) |
| 16:23 | Queue | Villager (Male) |
| 16:24 | Queue | Villager (Male) |
| 16:25 | Queue | Villager (Male) |
| 16:33 | Queue | Villager (Male) |
| 16:52 | Build | Town Center |
| 16:59 | Build | Farm |
| 17:01 | Queue | Villager (Male) |
| 17:07 | Build | Farm |
| 17:14 | Build | Farm |
| 17:19 | Build | Farm |
| 17:20 | Queue | Villager (Male) |
| 17:32 | Build | Farm |
| 17:32 | Build | Farm |
| 17:41 | Build | Farm |
| 17:48 | Build | Farm |
| 17:56 | Queue | Villager (Male) |
| 17:57 | Queue | Villager (Male) |
| 17:57 | Queue | Villager (Male) |
| 17:59 | Queue | Villager (Male) |
| 17:59 | Queue | Villager (Male) |
| 18:03 | Build | Farm |
| 18:05 | Build | Farm |
| 18:10 | Build | Farm |
| 18:16 | Queue | Villager (Male) |
| 18:25 | Build | Farm |
| 18:25 | Build | Farm |
| 18:25 | Build | Farm |
| 18:31 | Build | House |
| 18:34 | Queue | Villager (Male) |
| 18:34 | Queue | Villager (Male) |
| 18:37 | Build | House |
| 18:50 | Build | Farm |
| 18:50 | Queue | Villager (Male) |
| 18:59 | Build | Farm |
| 19:00 | Build | Farm |
| 19:00 | Queue | Villager (Male) |
| 19:05 | Build | Farm |
| 19:14 | Queue | Villager (Male) |
| 19:18 | Queue | Villager (Male) |
| 19:18 | Queue | Villager (Male) |
| 19:31 | Build | Farm |
| 19:32 | Queue | Villager (Male) |
| 19:35 | Build | Farm |
| 19:37 | Queue | Villager (Male) |
| 19:47 | Build | Farm |
| 19:49 | Queue | Villager (Male) |
| 19:54 | Queue | Villager (Male) |
| 19:55 | Queue | Villager (Male) |
| 20:00 | Build | Farm |
| 20:00 | Queue | Villager (Male) |
| 20:08 | Queue | Villager (Male) |
| 20:12 | Build | Farm |
| 20:19 | Build | Mill |
| 20:20 | Build | Farm |
| 20:20 | Build | Farm |
| 20:20 | Build | Farm |
| 20:20 | Build | Farm |
| 20:21 | Queue | Villager (Male) |
Build order — carcaage
83 actions detected in the replay
| 0:02 | Queue | Villager (Male) |
| 0:03 | Queue | Villager (Male) |
| 0:03 | Queue | Villager (Male) |
| 0:04 | Build | House |
| 0:06 | Build | House |
| 0:29 | Queue | Villager (Male) |
| 0:29 | Queue | Villager (Male) |
| 1:24 | Queue | Villager (Male) |
| 2:07 | Queue | Villager (Male) |
| 2:07 | Queue | Villager (Male) |
| 2:38 | Queue | Villager (Male) |
| 2:38 | Queue | Villager (Male) |
| 2:41 | Build | Lumber Camp |
| 2:52 | Queue | Villager (Male) |
| 2:53 | Queue | Villager (Male) |
| 3:23 | Queue | Villager (Male) |
| 3:35 | Build | Palisade Wall |
| 3:40 | Queue | Villager (Male) |
| 3:56 | Queue | Villager (Male) |
| 4:08 | Build | House |
| 4:22 | Queue | Villager (Male) |
| 4:46 | Queue | Villager (Male) |
| 5:15 | Queue | Villager (Male) |
| 5:44 | Build | Palisade Wall |
| 5:49 | Queue | Villager (Male) |
| 6:05 | Build | House |
| 6:20 | Queue | Villager (Male) |
| 6:42 | Build | Mill |
| 6:51 | Queue | Villager (Male) |
| 6:51 | Queue | Villager (Male) |
| 6:52 | Queue | Villager (Male) |
| 7:20 | Queue | Villager (Male) |
| 8:38 | Research | Feudal Age |
| 8:49 | Build | Lumber Camp |
| 8:59 | Build | House |
| 9:56 | Build | Palisade Wall |
| 10:06 | Build | Palisade Wall |
| 10:20 | Build | Mining Camp |
| 10:29 | Queue | Villager (Male) |
| 10:36 | Queue | Villager (Male) |
| 10:48 | Age | Feudal Age |
| 10:50 | Build | Market |
| 11:14 | Build | Blacksmith |
| 11:35 | Queue | Villager (Male) |
| 12:02 | Queue | Villager (Male) |
| 12:35 | Research | Castle Age |
| 12:42 | Research | Double-Bit Axe |
| 13:15 | Build | House |
| 14:18 | Research | Gold Mining |
| 14:33 | Build | House |
| 14:50 | Research | Loom |
| 14:54 | Queue | Villager (Male) |
| 14:55 | Queue | Villager (Male) |
| 15:15 | Age | Castle Age |
| 15:17 | Build | Town Center |
| 15:33 | Build | Farm |
| 15:38 | Build | Farm |
| 15:43 | Research | Horse Collar |
| 15:53 | Build | Farm |
| 16:09 | Research | Stone Mining |
| 16:26 | Queue | Villager (Male) |
| 16:33 | Build | Farm |
| 16:58 | Build | Farm |
| 17:00 | Queue | Villager (Male) |
| 17:10 | Build | Farm |
| 17:11 | Build | Farm |
| 17:18 | Build | Farm |
| 17:22 | Queue | Villager (Male) |
| 17:32 | Build | Farm |
| 17:42 | Build | Town Center |
| 17:46 | Queue | Villager (Male) |
| 17:52 | Queue | Villager (Male) |
| 17:54 | Queue | Villager (Male) |
| 17:58 | Build | Farm |
| 18:14 | Build | Stone Wall |
| 18:40 | Build | Stone Wall |
| 18:53 | Build | Stone Wall |
| 18:55 | Build | Stone Wall |
| 19:05 | Build | Stone Wall |
| 19:23 | Build | Castle |
| 19:56 | Build | House |
| 20:05 | Build | House |
| 20:09 | Build | House |
Build order — TM PIMPON
81 actions detected in the replay
| 0:08 | Build | House |
| 0:13 | Build | House |
| 0:14 | Queue | Villager (Male) |
| 0:15 | Queue | Villager (Male) |
| 0:58 | Queue | Villager (Male) |
| 0:58 | Queue | Villager (Male) |
| 1:42 | Queue | Villager (Male) |
| 1:42 | Queue | Villager (Male) |
| 2:16 | Queue | Villager (Male) |
| 2:26 | Build | Lumber Camp |
| 2:40 | Queue | Villager (Male) |
| 2:40 | Queue | Villager (Male) |
| 3:05 | Queue | Villager (Male) |
| 3:28 | Queue | Villager (Male) |
| 3:39 | Queue | Villager (Male) |
| 3:53 | Build | House |
| 3:55 | Build | House |
| 4:06 | Queue | Villager (Male) |
| 4:23 | Queue | Villager (Male) |
| 4:37 | Research | Loom |
| 5:05 | Queue | Villager (Male) |
| 5:05 | Queue | Villager (Male) |
| 5:43 | Queue | Villager (Male) |
| 5:58 | Build | Mill |
| 6:13 | Queue | Villager (Male) |
| 6:35 | Queue | Villager (Male) |
| 7:03 | Queue | Villager (Male) |
| 7:25 | Queue | Villager (Male) |
| 7:46 | Build | Mill |
| 8:14 | Queue | Villager (Male) |
| 8:25 | Research | Feudal Age |
| 10:08 | Build | Mill |
| 10:49 | Age | Feudal Age |
| 10:54 | Queue | Villager (Male) |
| 10:54 | Queue | Villager (Male) |
| 11:16 | Build | Mining Camp |
| 11:20 | Queue | Villager (Male) |
| 11:20 | Queue | Villager (Male) |
| 11:56 | Research | Wheelbarrow |
| 12:03 | Build | House |
| 12:04 | Build | House |
| 13:12 | Build | Mining Camp |
| 13:14 | Queue | Villager (Male) |
| 13:14 | Queue | Villager (Male) |
| 13:15 | Queue | Villager (Male) |
| 13:19 | Research | Double-Bit Axe |
| 13:24 | Research | Horse Collar |
| 13:28 | Queue | Villager (Male) |
| 13:28 | Queue | Villager (Male) |
| 14:45 | Queue | Villager (Male) |
| 15:22 | Build | Stable |
| 15:25 | Build | Stable |
| 15:39 | Research | Castle Age |
| 15:56 | Build | House |
| 15:57 | Build | House |
| 16:46 | Build | Market |
| 16:52 | Build | Farm |
| 16:52 | Build | Farm |
| 16:52 | Build | Farm |
| 17:07 | Research | Bloodlines |
| 17:49 | Build | Farm |
| 17:49 | Build | Farm |
| 17:50 | Build | Farm |
| 17:50 | Build | Farm |
| 17:50 | Build | Farm |
| 17:51 | Build | Farm |
| 17:51 | Build | Farm |
| 17:51 | Build | Farm |
| 18:24 | Age | Castle Age |
| 18:25 | Queue | Knight ×3 |
| 18:31 | Queue | Villager (Male) |
| 18:31 | Queue | Villager (Male) |
| 18:37 | Build | Blacksmith |
| 18:58 | Queue | Knight |
| 18:58 | Queue | Knight |
| 19:14 | Queue | Villager (Male) |
| 19:30 | Build | Lumber Camp |
| 19:38 | Queue | Knight |
| 19:38 | Queue | Knight |
| 19:46 | Queue | Villager (Male) |
| 19:46 | Queue | Villager (Male) |
Build order — JAGR | Rojnar
97 actions detected in the replay
| 0:01 | Queue | Villager (Male) |
| 0:02 | Queue | Villager (Male) |
| 0:03 | Build | House |
| 0:04 | Build | House |
| 0:18 | Queue | Villager (Male) |
| 0:18 | Queue | Villager (Male) |
| 1:37 | Queue | Villager (Male) |
| 1:37 | Queue | Villager (Male) |
| 1:47 | Build | Lumber Camp |
| 2:07 | Queue | Villager (Male) |
| 2:07 | Queue | Villager (Male) |
| 2:19 | Queue | Villager (Male) |
| 2:20 | Queue | Villager (Male) |
| 2:57 | Queue | Villager (Male) |
| 2:57 | Queue | Villager (Male) |
| 3:29 | Queue | Villager (Male) |
| 3:51 | Build | House |
| 4:08 | Queue | Villager (Male) |
| 4:08 | Queue | Villager (Male) |
| 4:23 | Queue | Villager (Male) |
| 4:26 | Queue | Villager (Male) |
| 5:06 | Build | Mining Camp |
| 5:18 | Queue | Villager (Male) |
| 5:19 | Research | Loom |
| 6:21 | Research | Feudal Age |
| 6:21 | Research | Feudal Age |
| 6:59 | Build | House |
| 7:25 | Queue | Villager (Male) |
| 8:31 | Age | Feudal Age |
| 8:33 | Build | Watch Tower |
| 8:36 | Build | Blacksmith |
| 8:39 | Queue | Villager (Male) |
| 9:20 | Research | Fletching |
| 9:20 | Queue | Villager (Male) |
| 9:31 | Queue | Villager (Male) |
| 10:05 | Build | Watch Tower |
| 10:23 | Queue | Villager (Male) |
| 10:23 | Queue | Villager (Male) |
| 10:44 | Queue | Villager (Male) |
| 11:11 | Build | House |
| 11:19 | Build | Watch Tower |
| 11:37 | Queue | Villager (Male) |
| 12:07 | Build | Watch Tower |
| 12:46 | Queue | Villager (Male) |
| 12:46 | Queue | Villager (Male) |
| 12:46 | Queue | Villager (Male) |
| 13:04 | Build | House |
| 13:15 | Build | Mill |
| 13:52 | Queue | Villager (Male) |
| 13:53 | Queue | Villager (Male) |
| 14:18 | Queue | Villager (Male) |
| 14:19 | Queue | Villager (Male) |
| 14:31 | Queue | Villager (Male) |
| 14:35 | Build | Farm |
| 14:35 | Build | Farm |
| 14:35 | Build | Farm |
| 14:35 | Build | Farm |
| 14:36 | Build | Farm |
| 14:36 | Queue | Villager (Male) |
| 14:56 | Build | Watch Tower |
| 15:12 | Build | Gate |
| 15:13 | Build | Stone Wall |
| 15:21 | Build | House |
| 15:47 | Queue | Villager (Male) |
| 15:48 | Build | Farm |
| 16:20 | Build | Watch Tower |
| 16:22 | Queue | Villager (Male) |
| 16:22 | Queue | Villager (Male) |
| 16:23 | Queue | Villager (Male) |
| 16:26 | Build | Farm |
| 16:28 | Build | Farm |
| 16:33 | Build | Stone Wall |
| 16:48 | Build | Gate |
| 17:04 | Build | Watch Tower |
| 17:14 | Queue | Villager (Male) |
| 17:15 | Queue | Villager (Male) |
| 17:19 | Build | Farm |
| 17:21 | Build | House |
| 17:22 | Build | House |
| 17:48 | Queue | Villager (Male) |
| 17:48 | Queue | Villager (Male) |
| 17:56 | Build | Stone Wall |
| 17:58 | Build | Farm |
| 17:58 | Queue | Villager (Male) |
| 18:01 | Build | Farm |
| 18:26 | Queue | Villager (Male) |
| 18:27 | Queue | Villager (Male) |
| 18:35 | Build | Mining Camp |
| 18:47 | Build | Stone Wall |
| 18:59 | Build | Farm |
| 19:15 | Queue | Villager (Male) |
| 19:24 | Build | Mining Camp |
| 19:25 | Queue | Villager (Male) |
| 19:46 | Queue | Villager (Male) |
| 19:58 | Queue | Villager (Male) |
| 20:04 | Build | Market |
| 20:17 | Research | Wheelbarrow |
Build order — Digit
68 actions detected in the replay
| 0:02 | Research | Loom |
| 0:03 | Queue | Villager (Male) |
| 0:03 | Queue | Villager (Male) |
| 0:03 | Queue | Villager (Male) |
| 0:05 | Build | House |
| 0:06 | Build | House |
| 0:09 | Queue | Villager (Male) |
| 0:27 | Build | Palisade Wall |
| 0:36 | Build | Palisade Wall |
| 2:05 | Queue | Villager (Male) |
| 2:05 | Queue | Villager (Male) |
| 2:52 | Queue | Villager (Male) |
| 2:52 | Queue | Villager (Male) |
| 3:09 | Build | House |
| 3:10 | Build | House |
| 3:14 | Queue | Villager (Male) |
| 3:14 | Queue | Villager (Male) |
| 3:53 | Queue | Villager (Male) |
| 3:53 | Queue | Villager (Male) |
| 4:08 | Queue | Villager (Male) |
| 4:09 | Queue | Villager (Male) |
| 4:33 | Queue | Villager (Male) |
| 4:34 | Queue | Villager (Male) |
| 4:44 | Build | Palisade Wall |
| 4:59 | Build | Lumber Camp |
| 5:12 | Queue | Villager (Male) |
| 5:13 | Queue | Villager (Male) |
| 5:13 | Queue | Villager (Male) |
| 6:23 | Queue | Villager (Male) |
| 6:23 | Queue | Villager (Male) |
| 6:26 | Queue | Villager (Male) |
| 6:39 | Queue | Villager (Male) |
| 6:39 | Queue | Villager (Male) |
| 7:16 | Queue | Villager (Male) |
| 7:16 | Queue | Villager (Male) |
| 7:38 | Build | Mill |
| 7:48 | Queue | Villager (Male) |
| 7:48 | Queue | Villager (Male) |
| 8:41 | Build | Palisade Wall |
| 8:51 | Build | Palisade Wall |
| 9:01 | Build | Palisade Wall |
| 9:20 | Build | Palisade Wall |
| 9:23 | Build | Palisade Wall |
| 9:26 | Build | Palisade Wall |
| 9:28 | Research | Feudal Age |
| 9:36 | Build | House |
| 10:01 | Build | Palisade Wall |
| 10:26 | Build | Mining Camp |
| 11:38 | Age | Feudal Age |
| 11:39 | Build | House |
| 11:45 | Build | Watch Tower |
| 12:07 | Build | Mining Camp |
| 12:57 | Queue | Villager (Male) |
| 12:58 | Queue | Villager (Male) |
| 12:58 | Queue | Villager (Male) |
| 13:51 | Queue | Villager (Male) |
| 13:51 | Queue | Villager (Male) |
| 13:51 | Queue | Villager (Male) |
| 14:17 | Queue | Villager (Male) |
| 14:17 | Queue | Villager (Male) |
| 15:28 | Queue | Villager (Male) |
| 15:28 | Queue | Villager (Male) |
| 16:10 | Build | Barracks |
| 16:19 | Build | Farm |
| 17:52 | Queue | Villager (Male) |
| 17:53 | Queue | Villager (Male) |
| 17:53 | Queue | Villager (Male) |
| 19:18 | Build | Lumber Camp |
Build order — Hinton_Cheung
92 actions detected in the replay
| 0:01 | Queue | Villager (Male) ×4 |
| 0:04 | Build | House |
| 0:08 | Build | House |
| 2:10 | Queue | Villager (Male) |
| 2:10 | Queue | Villager (Male) |
| 2:10 | Queue | Villager (Male) |
| 2:11 | Queue | Villager (Male) |
| 2:45 | Queue | Villager (Male) |
| 2:45 | Queue | Villager (Male) |
| 2:46 | Queue | Villager (Male) |
| 2:55 | Build | Lumber Camp |
| 3:15 | Queue | Villager (Male) |
| 3:15 | Queue | Villager (Male) |
| 3:16 | Queue | Villager (Male) |
| 3:16 | Queue | Villager (Male) |
| 3:37 | Build | House |
| 3:38 | Build | House |
| 3:55 | Queue | Villager (Male) |
| 3:55 | Queue | Villager (Male) |
| 3:55 | Queue | Villager (Male) |
| 4:45 | Queue | Villager (Male) |
| 4:45 | Queue | Villager (Male) |
| 5:03 | Queue | Villager (Male) |
| 5:03 | Queue | Villager (Male) |
| 5:49 | Queue | Villager (Male) |
| 5:49 | Queue | Villager (Male) |
| 5:49 | Queue | Villager (Male) |
| 6:50 | Queue | Villager (Male) |
| 6:51 | Queue | Villager (Male) |
| 6:51 | Queue | Villager (Male) |
| 6:51 | Queue | Villager (Male) |
| 7:00 | Queue | Villager (Male) |
| 7:01 | Queue | Villager (Male) |
| 7:30 | Queue | Villager (Male) |
| 7:30 | Queue | Villager (Male) |
| 7:30 | Queue | Villager (Male) |
| 7:31 | Queue | Villager (Male) |
| 7:58 | Queue | Villager (Male) |
| 7:58 | Queue | Villager (Male) |
| 7:58 | Queue | Villager (Male) |
| 7:58 | Queue | Villager (Male) |
| 8:28 | Build | Mill |
| 8:50 | Build | House |
| 8:52 | Build | House |
| 8:57 | Build | Lumber Camp |
| 9:50 | Research | Feudal Age |
| 10:06 | Build | Mining Camp |
| 10:13 | Build | Mining Camp |
| 10:21 | Build | Farm |
| 10:25 | Build | Farm |
| 11:28 | Queue | Villager (Male) |
| 11:28 | Queue | Villager (Male) |
| 12:00 | Age | Feudal Age |
| 12:12 | Build | Market |
| 12:27 | Build | Blacksmith |
| 13:12 | Research | Castle Age |
| 14:31 | Queue | Villager (Male) |
| 14:31 | Queue | Villager (Male) |
| 15:09 | Research | Double-Bit Axe |
| 15:12 | Research | Horse Collar |
| 15:52 | Age | Castle Age |
| 16:00 | Build | Town Center |
| 16:08 | Build | Town Center |
| 16:16 | Build | Town Center |
| 16:19 | Queue | Villager (Male) |
| 16:39 | Queue | Villager (Male) |
| 16:39 | Queue | Villager (Male) |
| 16:42 | Research | Heavy Plow |
| 17:02 | Research | Bow Saw |
| 17:39 | Queue | Villager (Male) |
| 17:42 | Build | Farm |
| 18:03 | Build | Farm |
| 18:05 | Build | Farm |
| 18:05 | Build | Farm |
| 18:10 | Build | Farm |
| 18:12 | Queue | Villager (Male) |
| 18:20 | Build | Farm |
| 18:20 | Build | Farm |
| 18:22 | Build | Farm |
| 18:24 | Queue | Villager (Male) ×4 |
| 18:40 | Build | Farm |
| 18:49 | Queue | Villager (Male) ×2 |
| 18:49 | Queue | Villager (Male) |
| 18:49 | Queue | Villager (Male) |
| 18:54 | Build | Farm |
| 18:55 | Build | Farm |
| 18:57 | Build | Farm |
| 19:00 | Build | Farm |
| 19:16 | Build | House |
| 19:18 | Build | House |
| 19:18 | Build | House |
| 19:20 | Build | House |
Build order — Aragorn
92 actions detected in the replay
| 0:03 | Build | House |
| 0:05 | Build | House |
| 0:05 | Queue | Villager (Male) |
| 0:05 | Queue | Villager (Male) |
| 0:06 | Queue | Villager (Male) |
| 0:06 | Queue | Villager (Male) |
| 0:06 | Queue | Villager (Male) |
| 1:51 | Queue | Villager (Male) |
| 1:51 | Queue | Villager (Male) |
| 2:04 | Queue | Villager (Male) |
| 2:32 | Queue | Villager (Male) |
| 3:00 | Build | Lumber Camp |
| 3:03 | Queue | Villager (Male) |
| 3:03 | Queue | Villager (Male) |
| 3:04 | Queue | Villager (Male) |
| 3:20 | Build | House |
| 4:15 | Queue | Villager (Male) |
| 4:15 | Queue | Villager (Male) |
| 4:15 | Queue | Villager (Male) |
| 4:15 | Queue | Villager (Male) |
| 4:16 | Queue | Villager (Male) |
| 5:25 | Research | Loom |
| 5:27 | Queue | Villager (Male) |
| 5:27 | Queue | Villager (Male) |
| 5:44 | Queue | Villager (Male) |
| 6:27 | Queue | Villager (Male) |
| 6:27 | Queue | Villager (Male) |
| 6:52 | Queue | Villager (Male) |
| 6:53 | Queue | Villager (Male) |
| 7:02 | Build | House |
| 7:08 | Queue | Villager (Male) |
| 7:08 | Queue | Villager (Male) |
| 7:31 | Build | House |
| 7:43 | Queue | Villager (Male) |
| 8:02 | Queue | Villager (Male) |
| 8:02 | Queue | Villager (Male) |
| 8:31 | Build | Mill |
| 9:13 | Queue | Villager (Male) |
| 9:14 | Queue | Villager (Male) |
| 9:21 | Build | House |
| 9:54 | Research | Feudal Age |
| 10:14 | Build | Barracks |
| 10:34 | Build | Mining Camp |
| 12:15 | Age | Feudal Age |
| 12:21 | Build | Blacksmith |
| 12:26 | Build | Market |
| 12:28 | Queue | Villager (Male) |
| 12:30 | Queue | Villager (Male) |
| 13:15 | Build | Stable |
| 13:39 | Research | Castle Age |
| 14:15 | Build | House |
| 14:16 | Build | House |
| 14:17 | Build | House |
| 14:21 | Build | House |
| 14:22 | Build | House |
| 14:58 | Research | Horse Collar |
| 15:01 | Research | Double-Bit Axe |
| 15:29 | Build | Farm |
| 15:30 | Build | Farm |
| 15:32 | Build | Farm |
| 15:33 | Build | Farm |
| 15:38 | Build | Farm |
| 15:39 | Build | Farm |
| 16:19 | Age | Castle Age |
| 16:23 | Build | Siege Workshop |
| 16:27 | Queue | Villager (Male) |
| 16:28 | Queue | Villager (Male) |
| 16:28 | Queue | Villager (Male) |
| 16:29 | Queue | Villager (Male) |
| 17:01 | Build | Palisade Gate |
| 17:07 | Queue | Villager (Male) |
| 17:07 | Queue | Villager (Male) |
| 17:07 | Queue | Villager (Male) |
| 17:12 | Build | Siege Workshop |
| 17:15 | Queue | Scorpion |
| 17:24 | Queue | Villager (Male) |
| 17:41 | Queue | Scorpion |
| 18:04 | Build | Palisade Gate |
| 18:06 | Build | House |
| 18:07 | Build | House |
| 18:09 | Build | House |
| 18:34 | Queue | Villager (Male) |
| 18:34 | Queue | Villager (Male) |
| 18:34 | Queue | Villager (Male) |
| 18:40 | Queue | Mangonel |
| 18:58 | Queue | Mangonel |
| 19:02 | Queue | Scorpion |
| 19:19 | Queue | Villager (Male) |
| 19:54 | Queue | Battering Ram |
| 19:56 | Queue | Scorpion |
| 19:57 | Queue | Scorpion |
| 20:11 | Queue | Villager (Male) |
Build order — IhateArena
97 actions detected in the replay
| 0:03 | Build | House |
| 0:04 | Build | House |
| 0:08 | Queue | Villager (Male) |
| 0:08 | Queue | Villager (Male) ×4 |
| 0:09 | Queue | Villager (Male) ×3 |
| 0:30 | Build | Palisade Wall |
| 0:31 | Build | Palisade Wall |
| 0:33 | Build | Palisade Wall |
| 1:49 | Research | Loom |
| 1:50 | Research | Loom |
| 1:50 | Research | Loom |
| 2:04 | Build | House |
| 2:16 | Queue | Villager (Male) |
| 2:16 | Queue | Villager (Male) |
| 2:44 | Queue | Villager (Male) |
| 2:44 | Queue | Villager (Male) |
| 3:16 | Queue | Villager (Male) |
| 3:16 | Queue | Villager (Male) |
| 4:09 | Queue | Villager (Male) |
| 4:09 | Queue | Villager (Male) |
| 4:35 | Queue | Villager (Male) |
| 4:36 | Queue | Villager (Male) |
| 4:55 | Queue | Villager (Male) |
| 4:55 | Queue | Villager (Male) |
| 5:16 | Build | Lumber Camp |
| 5:30 | Queue | Villager (Male) |
| 5:30 | Queue | Villager (Male) |
| 5:50 | Build | Palisade Wall |
| 6:00 | Queue | Villager (Male) |
| 6:00 | Queue | Villager (Male) |
| 6:03 | Queue | Villager (Male) |
| 6:04 | Queue | Villager (Male) |
| 6:18 | Queue | Villager (Male) |
| 6:19 | Queue | Villager (Male) |
| 6:47 | Queue | Villager (Male) |
| 6:47 | Queue | Villager (Male) |
| 6:51 | Build | Palisade Wall |
| 7:21 | Build | House |
| 7:24 | Queue | Villager (Male) |
| 7:24 | Queue | Villager (Male) |
| 7:24 | Queue | Villager (Male) |
| 8:01 | Build | Mill |
| 8:02 | Queue | Villager (Male) |
| 8:17 | Queue | Villager (Male) |
| 8:34 | Build | House |
| 9:17 | Queue | Villager (Male) |
| 9:18 | Queue | Villager (Male) |
| 9:29 | Queue | Villager (Male) |
| 9:50 | Build | Mining Camp |
| 9:54 | Build | Mining Camp |
| 10:15 | Queue | Villager (Male) |
| 10:45 | Queue | Villager (Male) |
| 10:45 | Queue | Villager (Male) |
| 11:13 | Research | Feudal Age |
| 11:13 | Research | Feudal Age |
| 11:22 | Build | Mining Camp |
| 11:46 | Build | Mining Camp |
| 13:53 | Queue | Villager (Male) |
| 14:00 | Age | Feudal Age |
| 14:01 | Build | Market |
| 14:04 | Build | Blacksmith |
| 14:11 | Research | Double-Bit Axe |
| 14:39 | Research | Castle Age |
| 14:39 | Research | Castle Age |
| 15:02 | Research | Fletching |
| 15:03 | Research | Fletching |
| 15:10 | Build | Farm |
| 15:11 | Build | Farm |
| 15:13 | Build | Farm |
| 16:40 | Build | Stone Wall |
| 16:44 | Build | House |
| 16:47 | Queue | Villager (Male) |
| 17:19 | Age | Castle Age |
| 17:21 | Build | Castle |
| 17:24 | Research | Bodkin Arrow |
| 17:28 | Research | Padded Archer Armor |
| 17:29 | Queue | Villager (Male) |
| 17:34 | Build | Town Center |
| 17:38 | Research | Bow Saw |
| 17:38 | Research | Horse Collar |
| 17:45 | Research | Horse Collar |
| 17:45 | Research | Horse Collar |
| 17:54 | Build | Gate |
| 18:06 | Build | House |
| 18:15 | Queue | Villager (Male) |
| 18:32 | Queue | Conquistador |
| 18:32 | Queue | Conquistador |
| 18:32 | Queue | Conquistador |
| 18:33 | Queue | Conquistador |
| 18:53 | Queue | Villager (Male) |
| 19:09 | Queue | Villager (Male) |
| 19:09 | Queue | Villager (Male) |
| 19:13 | Build | Farm |
| 19:15 | Build | Farm |
| 19:28 | Build | Farm |
| 20:02 | Queue | Villager (Male) |
| 20:05 | Build | Farm |
Match timeline
| 0:27 | Digit · wall_segment Palisade Wall x13 |
| 0:30 | IhateArena · wall_segment Palisade Wall x10 |
| 0:31 | IhateArena · wall_segment Palisade Wall x11 |
| 0:33 | IhateArena · wall_segment Palisade Wall x12 |
| 0:36 | Digit · wall_segment Palisade Wall x11 |
| 3:35 | carcaage · wall_segment Palisade Wall x11 |
| 4:44 | Digit · wall_segment Palisade Wall x11 |
| 5:44 | carcaage · wall_segment Palisade Wall x19 |
| 5:50 | IhateArena · wall_segment Palisade Wall x9 |
| 6:51 | IhateArena · wall_segment Palisade Wall x9 |
| 8:31 | JAGR | Rojnar · age_up feudal |
| 8:41 | Digit · wall_segment Palisade Wall x12 |
| 8:51 | Digit · wall_segment Palisade Wall x4 |
| 9:01 | Digit · wall_segment Palisade Wall x10 |
| 9:20 | Digit · wall_segment Palisade Wall x4 |
| 9:23 | Digit · wall_segment Palisade Wall x6 |
| 9:26 | Digit · wall_segment Palisade Wall x1 |
| 9:56 | carcaage · wall_segment Palisade Wall x9 |
| 10:01 | Digit · wall_segment Palisade Wall x1 |
| 10:06 | carcaage · wall_segment Palisade Wall x17 |
| 10:14 | Aragorn · first_building Barracks |
| 10:48 | carcaage · age_up feudal |
| 10:49 | TM PIMPON · age_up feudal |
| 11:30 | SentinelChroner · age_up feudal |
| 11:38 | Digit · age_up feudal |
| 11:50 | carcaage · first_market_sell 100 stone |
| 11:54 | carcaage · first_market_buy 100 food |
| 12:00 | Hinton_Cheung · age_up feudal |
| 12:15 | Aragorn · age_up feudal |
| 13:01 | Hinton_Cheung · first_market_sell 100 stone |
| 13:15 | Aragorn · first_building Stable |
| 14:00 | IhateArena · age_up feudal |
| 14:56 | SentinelChroner · first_market_buy 100 stone |
| 15:13 | JAGR | Rojnar · wall_segment Stone Wall x3 |
| 15:15 | carcaage · age_up castle |
| 15:20 | SentinelChroner · age_up castle |
| 15:22 | TM PIMPON · first_building Stable |
| 15:52 | Hinton_Cheung · age_up castle |
| 16:10 | Digit · first_building Barracks |
| 16:19 | Aragorn · age_up castle |
| 16:23 | Aragorn · first_building Siege Workshop |
| 16:33 | JAGR | Rojnar · wall_segment Stone Wall x7 |
| 16:40 | IhateArena · wall_segment Stone Wall x7 |
| 17:19 | IhateArena · age_up castle |
| 17:21 | IhateArena · first_building Castle |
| 17:41 | IhateArena · first_market_buy 100 food |
| 17:56 | JAGR | Rojnar · wall_segment Stone Wall x3 |
| 18:14 | carcaage · wall_segment Stone Wall x9 |
| 18:24 | TM PIMPON · age_up castle |
| 18:40 | carcaage · wall_segment Stone Wall x9 |
| 18:47 | JAGR | Rojnar · wall_segment Stone Wall x10 |
| 18:53 | carcaage · wall_segment Stone Wall x4 |
| 18:55 | carcaage · wall_segment Stone Wall x3 |
| 19:05 | carcaage · wall_segment Stone Wall x5 |
| 19:23 | carcaage · first_building Castle |
| 19:32 | Hinton_Cheung · resign |
[ AI ANALYSIS · 1 CREDIT ]
What really happened in this match?
Wolo.gg analyzes every decision: build order, eco, micro, common mistakes by bracket. Personalized analysis on WhatsApp or Discord in 30 seconds.
Civ guide
Gurjaras
Perfil
Jugador #12066991